AoeStats
← Master

Arena

510545876Analyzed
4v4 RM · 18h ago on Oct 1, 2026· 64m 34s· 8 players
Game mode
Random Map
Map size
Large (8 player)
Population
200
Speed
Normal
Resources
Standard
Victory
Conquest
Starting age
Dark Age
Ending age
Imperial Age
RankedLock teamsTeams togetherTeam positionsShared explorationLock speedFull tech treeHidden civsTurbo modeCheats
Victory
Defeat
🇪🇸 Vietnamese · Spain
1006
+14
🇨🇳 Spanish · China
1006
+14
🇨🇳 Danes · China
996
+15
🇮🇳 Turks · India
953
+17
🇫🇷 Turks · France
1041
-18
🇲🇽 Franks · Mexico
990
-16
🇳🇴 Bohemians · Norway
979
-15
🇫🇷 Goths · France
872
-11
Ubric21
11:14 Feudal Age
15:16 Castle Age
13:07 Horse Collar
13:44 Double-Bit Axe
17:00 Heavy Plow
21:53 Wheelbarrow
22:50 Hand Cart
23:04 Bow Saw
24:11 Padded Archer Armor
24:15 Gold Mining
24:15 Stone Mining
25:39 Stone Shaft Mining
26:17 Fortified Wall
25:48 Treadmill Crane
26:21 Masonry
28:57 Imperial Age
26:19 Fletching
26:55 Ballistics
27:26 Bodkin Arrow
27:46 Leather Archer Armor
29:38 Bracer
30:09 Ring Archer Armor
30:43 Chemistry
30:41 Scale Mail Armor
30:51 Forging
31:01 Squires
30:22 Elite Fire Lancer
32:44 Two-Man Saw
31:22 Elite Skirmisher
31:28 Elite Rattan Archer
32:25 Thumb Ring
32:07 Imperial Skirmisher
33:21 Chain Mail Armor
33:42 Iron Casting
37:06 Plate Mail Armor
38:08 Scale Barding Armor
39:58 Paper Money
41:19 Arson
45:00 Husbandry
45:11 Bloodlines
44:21 Elite Battle Elephant
45:30 Chain Barding Armor
45:27 Chatras
48:11 Plate Barding Armor
47:51 Loom
61:13 Man-at-Arms
61:45 Long Swordsman
62:40 Two-Handed Swordsman
63:15 Champion
63:54 Pikeman
Master
11:02 Feudal Age
15:44 Castle Age
14:09 Double-Bit Axe
14:49 Horse Collar
20:39 Redemption
23:50 Bow Saw
24:34 Fortified Wall
24:35 Masonry
26:32 Masonry
30:00 Imperial Age
30:07 Imperial Age
28:45 Fletching
31:48 Wheelbarrow
33:16 Hand Cart
33:32 Bodkin Arrow
33:39 Padded Archer Armor
35:07 Loom
35:49 Bracer
36:05 Leather Archer Armor
36:14 Ballistics
35:53 Gold Mining
36:08 Heavy Plow
37:56 Artillery
38:32 Parthian Tactics
39:59 Heavy Cavalry Archer
41:12 Ring Archer Armor
41:16 Thumb Ring
42:44 Town Watch
46:53 Gold Shaft Mining
46:38 Scale Barding Armor
46:43 Forging
48:39 Husbandry
48:49 Bloodlines
50:52 Two-Man Saw
50:52 Chain Barding Armor
51:07 Iron Casting
51:57 Bloodlines
52:36 Architecture
53:49 Plate Barding Armor
57:47 Iron Casting
62:45 Stone Mining
命格
2:12 Loom
11:40 Feudal Age
16:07 Castle Age
14:35 Stone Mining
14:50 Double-Bit Axe
15:14 Horse Collar
16:25 Gold Mining
16:53 Town Watch
19:40 Pikeman
23:37 Wheelbarrow
29:55 Imperial Age
27:50 Fletching
28:28 Bow Saw
28:21 Heavy Plow
30:01 Hand Cart
30:19 Squires
30:18 Bodkin Arrow
33:21 Conscription
33:38 Scale Barding Armor
33:57 Bloodlines
35:03 Chain Barding Armor
35:55 Forging
36:25 Plate Barding Armor
36:52 Stone Shaft Mining
37:11 Husbandry
37:49 Iron Casting
39:15 Cavalier
45:26 Murder Holes
47:42 Blast Furnace
48:04 Bracer
48:07 Scale Mail Armor
48:55 Padded Archer Armor
49:15 Paladin
50:20 Ballistics
51:41 Chemistry
52:01 Gambesons
52:36 Chain Mail Armor
55:51 Leather Archer Armor
56:09 Plate Mail Armor
55:59 Masonry
55:13 Man-at-Arms
55:57 Elite Conquistador
56:55 Long Swordsman
57:54 Two-Handed Swordsman
60:06 Ring Archer Armor
60:56 Architecture
61:18 Champion
potatoes
11:23 Feudal Age
17:06 Castle Age
18:11 Double-Bit Axe
18:10 Horse Collar
24:39 Bow Saw
24:31 Heavy Plow
27:50 Gold Mining
27:51 Stone Mining
28:27 Gambesons
28:42 Squires
28:28 Arson
31:19 Gold Shaft Mining
31:20 Stone Shaft Mining
31:09 Ballistics
35:01 Imperial Age
32:18 Town Watch
33:09 Wheelbarrow
32:19 Loom
33:54 Scale Mail Armor
34:05 Forging
33:45 Fletching
36:22 Onager
37:51 Elite Varangian Guard
40:15 Pikeman
41:14 Capped Ram
42:05 Halberdier
43:09 Chain Mail Armor
43:30 Iron Casting
42:50 Bodkin Arrow
44:18 Elite Skirmisher
45:03 Thumb Ring
46:33 Siege Ram
48:12 Siege Onager
48:37 Hamask
48:38 Northmen's Fury
49:38 Conscription
50:21 Conscription
50:39 Siege Onager
50:53 Heavy Scorpion
52:19 Plate Mail Armor
52:49 Blast Furnace
51:50 Bracer
52:50 Siege Onager
56:32 Imperial Skirmisher
57:18 Padded Archer Armor
Borzak4113
0:33 Loom
11:16 Feudal Age
16:56 Castle Age
24:14 Husbandry
26:26 Forging
28:48 Scale Barding Armor
29:18 Iron Casting
29:47 Devotion
30:48 Chain Barding Armor
32:02 Caravan
39:01 Double-Bit Axe
44:20 Imperial Age
42:10 Bow Saw
44:47 Scale Mail Armor
44:38 Fletching
45:25 Stone Mining
45:26 Gold Mining
46:24 Conscription
46:53 Ballistics
48:15 Cavalier
49:50 Light Cavalry
51:38 Elite Throwing Axeman
51:44 Elite Throwing Axeman
55:26 Blast Furnace
55:01 Plate Barding Armor
54:46 Chain Mail Armor
56:14 Paladin
59:27 Chivalry
62:18 Fortified Wall
62:17 Siege Engineers
62:24 Masonry
Nounoursrz
12:56 Feudal Age
17:49 Castle Age
16:08 Double-Bit Axe
16:12 Horse Collar
18:30 Stone Mining
18:31 Gold Mining
19:01 Bow Saw
20:13 Heavy Plow
25:51 Wheelbarrow
25:56 Caravan
31:26 Imperial Age
29:21 Squires
29:58 Pikeman
31:59 Stone Shaft Mining
32:35 Conscription
32:19 Anarchy
36:54 Scale Mail Armor
37:05 Forging
38:11 Hand Cart
37:39 Halberdier
38:23 Perfusion
40:27 Two-Man Saw
40:01 Crop Rotation
40:16 Iron Casting
39:57 Chain Mail Armor
39:33 Fletching
55:49 Blast Furnace
57:31 Elite Huskarl
kris10an
10:56 Feudal Age
15:46 Castle Age
30:19 Fortified Wall
33:35 Imperial Age
33:25 Chemistry
32:46 Ballistics
33:58 Fletching
34:35 Bodkin Arrow
34:04 Houfnice
35:05 Pikeman
35:47 Squires
35:34 Arson
37:29 Wheelbarrow
36:40 Town Watch
40:43 Siege Engineers
44:26 Hand Cart
43:39 Halberdier
43:54 Elite Skirmisher
44:46 Padded Archer Armor
44:47 Bracer
44:58 Forging
44:49 Scale Mail Armor
45:12 Wagenburg Tactics
45:29 Conscription
46:38 Leather Archer Armor
47:45 Iron Casting
49:34 Caravan
64:47 Ring Archer Armor
64:33 Chain Mail Armor
65:18 Blast Furnace
francis le tueur
12:24 Feudal Age
14:09 Double-Bit Axe
14:07 Horse Collar
14:19 Gold Mining
17:12 Castle Age
21:47 Imperial Age
19:55 Padded Archer Armor
20:59 Leather Archer Armor
25:06 Ring Archer Armor
32:43 Ballistics
37:50 Fortified Wall
37:51 Masonry
38:21 Heavy Plow
38:33 Bow Saw
39:02 Gold Shaft Mining
39:09 Wheelbarrow
38:22 Loom
38:24 Town Watch
40:22 Husbandry
40:36 Bloodlines
40:43 Forging
40:40 Scale Barding Armor
40:35 Heavy Camel Rider
42:10 Iron Casting
43:04 Chain Barding Armor
46:20 Architecture
Connection lost

Rejoining the realm…

Still unreachable

The connection could not be restored.

Session expired

The server has moved on; the page needs a fresh start.